 Dungeon Crawl Stone Soup version 0.27-a0-1149-g4505690ab0 (webtiles) character file.

Game seed: 845165507376988377

6550 st0uf the Cruncher (level 10, 0/82 (86) HPs)
             Began as a Yellow Draconian Gladiator on May 12, 2021.
             Was a Believer of Okawaru.
             Blown up by a great orb of eyes (shapeshifter) (34 damage)
             ... with a mindburst bolt
             ... on level 8 of the Dungeon.
             The game lasted 00:43:55 (12377 turns).

st0uf the Cruncher (Yellow Draconian Gladiator)    Turns: 12377, Time: 00:43:59

HP:   0/82 (86)     AC: 13    Str: 17    XL:     10   Next: 70%
MP:   14/15         EV: 17    Int: 11    God:    Okawaru [**....]
Gold: 409           SH:  0    Dex: 13    Spells: 13/16 levels left

rFire    + . .     SeeInvis .   a - +0 quarterstaff
rCold    . . .     Faith    .   (shield currently unavailable)
rNeg     . . .     Spirit   .   (armour unavailable)
rPois    .         Reflect  .   b - +0 hat
rElec    .         Harm     .   E - +0 cloak
rCorr    +         Rampage  .   (no gloves)
Will     +....                  C - +0 pair of boots
Stlth    ++++......             (no amulet)
HPRegen  0.23/turn              p - ring of willpower
MPRegen  0.14/turn              x - +4 ring of protection

@: short of breath, heroic, lightly drained
A: spit acid, AC +7, unfitting armour, cold-blooded, acid resistance, fire
resistance 1, screaming 1
a: Breathe Acid, Renounce Religion, Heroism


You were on level 8 of the Dungeon.
You worshipped Okawaru.
Okawaru was pleased with you.
You visited 2 branches of the dungeon, and saw 9 of its levels.

You collected 409 gold pieces.

Inventory:

Hand Weapons
 a - a +0 quarterstaff (weapon)
 B - a +2 flail of venom
 J - a +6 trident of venom
Missiles
 c - 3 throwing nets
 d - 11 poisoned darts (quivered)
 f - 243 stones
 o - 3 atropa-tipped darts
 t - 2 silver javelins
Armour
 b - a +0 hat (worn)
 C - a +0 pair of boots (worn)
 E - a +0 cloak (worn)
Magical Staves
 D - a staff of poison
 G - a staff of conjuration
Jewellery
 i - an amulet of magic regeneration
 p - a ring of willpower (left hand)
 q - an amulet of faith
 x - a +4 ring of protection (right hand)
 F - a ring of see invisible
Wands
 s - a wand of polymorph (18)
 w - a wand of acid (10)
 z - a wand of flame (38)
Scrolls
 g - a scroll of torment {unknown}
 j - 3 scrolls of teleportation {unknown}
 k - 2 scrolls of fear {unknown}
 l - 7 scrolls of identify {unknown}
 m - 2 scrolls of silence {unknown}
 n - a scroll of amnesia {unknown}
 r - 3 scrolls of vulnerability {unknown}
 y - 2 scrolls of brand weapon {unknown}
 I - a scroll of blinking {unknown}
 K - a scroll of enchant armour {unknown}
 M - 2 scrolls of enchant weapon {unknown}
Potions
 e - a potion of curing {unknown}
 h - 2 potions of haste
 u - a potion of berserk rage
 v - a potion of brilliance {unknown}
 A - 2 potions of degeneration {unknown}
 H - 2 potions of lignification
 L - 2 potions of invisibility {unknown}


   Skills:
 + Level 7.0(12.0) Fighting
 + Level 10.3(15.3) Staves
 + Level 4.7(9.7) Throwing
 + Level 7.0(12.0) Dodging
 + Level 3.9(8.9) Stealth
 * Level 3.8 Spellcasting
 * Level 3.0 Hexes
 * Level 3.0 Invocations


You had 13 spell levels left.
You knew the following spells:

 Your Spells              Type           Power      Damage    Failure   Level
a - Confusing Touch       Hex            8%         N/A       21%         3

Your spell library contained the following spells:

 Spells                   Type           Power      Damage    Failure   Level
 Corona                   Hex            8%         N/A       7%          1
 Ensorcelled Hibernation  Hex/Ice        10%        N/A       19%         2
 Tukima's Dance           Hex            8%         N/A       21%         3
 Poisonous Vapours        Pois/Air       4%         N/A       36%         2
 Dazzling Flash           Conj/Hex       10%        N/A       36%         3
 Conjure Flame            Conj/Fire      2%         6-21      58%         3
 Mephitic Cloud           Conj/Pois/Air  2%         N/A       58%         3
 Freezing Cloud           Conj/Ice/Air   1%         6-21      100%        6


Dungeon Overview and Level Annotations

Branches:
Dungeon (8/15)             Temple (1/1) D:7
   Lair: D:8-11

Altars:
Ashenzari
Cheibriados
Dithmenos
Elyvilon
Fedhas
Gozag
Kikubaaqudgha
Makhleb
Nemelex Xobeh
Okawaru
Qazlal
Ru
Sif Muna
Trog
Uskayaw
Vehumet
Wu Jian
Xom
Yredelemnul
Zin
The Shining One

Annotations:
D:3 Sigmund
D:4 3 runed translucent doors, tilp's ghost, amateur DgIE


Innate Abilities, Weirdness & Mutations

You can spit globs of acid.
Your golden yellow scales are hard. (AC +7)
You cannot fit into any form of body armour.
You are cold-blooded and may be slowed by cold attacks.
You are resistant to acid. (rCorr)
Your flesh is heat resistant. (rF+)
You occasionally shout uncontrollably at your foes.


Message History

You bump into the rock wall.
The gargoyle hurls a stone arrow at you.
The stone arrow hits you! The great orb of eyes gazes at you.
You resist with significant effort. The gargoyle hits you with a +0 flail!
The great orb of eyes bites you but does no damage.
You feel less confused.
The gargoyle hurls a stone arrow at you.
The stone arrow misses you.
Press: ? - help, Shift-Dir - straight line, f - great orb of eyes
Aim: a great orb of eyes You spit a glob of acid.
The glob of acid hits the great orb of eyes.
The great orb of eyes is splashed with acid.
The acid corrodes the great orb of eyes!
The great orb of eyes is lightly wounded.
The acid splashes onto the gargoyle!
The gargoyle is splashed with acid!
The acid corrodes the gargoyle!
The gargoyle hurls a stone arrow at you.
The stone arrow hits you. The great orb of eyes bites you.
You hit the great orb of eyes. You tail-slap the great orb of eyes.
The great orb of eyes is moderately wounded.
You hit the great orb of eyes.
The great orb of eyes is moderately wounded.
The gargoyle misses you.
The great orb of eyes closely misses you.
You sock the great orb of eyes! You tail-slap the great orb of eyes.
The great orb of eyes is heavily wounded.
The gargoyle hits you with a +0 flail!
The great orb of eyes completely misses you.
You sock the great orb of eyes!
The great orb of eyes is heavily wounded.
You hit the great orb of eyes.
The great orb of eyes is heavily wounded.
The gargoyle hurls a stone arrow at you.
The stone arrow hits you! The great orb of eyes gazes at you.
Your mind is blasted!
You die...

##...##...# ###.._..⌠.._..# .
##'##....###.............#####
#5#[.....##.###.......)....<#
#.))......#)# #........######
###...#...#.# #.#...##.#####
.....###.9.#)# #...####.....#
.###.# ##..#.# ###.# #####.#
#.####..#'#####.# #.#
#.#.......@..##.########.##
#.#......9G..##...........#
#............##############
#..####..##### #.. #..# ##
##.. ..># ####


You could see a great orb of eyes (corroded) and a gargoyle (corroded).

Vanquished Creatures
  Pikel (D:5)
  A deep elf pyromancer (D:8)
  A hornet (D:8)
  A troll (D:7)
  Grinder (D:5)
  A wyvern (D:7)
  7 humans (D:7)
  6 yaks
  Edmund (D:5)
  Menkaure (D:5)
  2 acid dragons (D:8)
  A water moccasin (D:5)
  A black bear (D:3)
  An ice beast (D:6)
  A necrophage (D:5)
  3 ogres
  3 centaurs
  A phantom (D:5)
  2 bullfrogs
  A gnoll sergeant (D:7)
  A wyvern skeleton (D:7)
  A water moccasin skeleton (D:5)
  3 wights
  A howler monkey (D:8)
  2 lava snakes (D:7)
  5 centaur zombies
  3 hounds
  3 jellies
  4 orc priests
  A centaur skeleton (D:5)
  Crazy Yiuf (D:5)
  Jessica (D:7)
  3 iguanas
  6 orc wizards
  Ijyb (D:6)
  A killer bee zombie (D:8)
  A hound zombie (D:5)
  A howler monkey zombie (D:6)
  8 gnolls
  13 adders
  2 howler monkey skeletons
  2 shadow imps (D:7)
  2 white imps
  An ufetubus (D:4)
  An adder skeleton (D:5)
  2 worms
  3 dart slugs
  20 orcs
  3 bats
  4 endoplasms
  A giant cockroach (D:3)
  3 goblins
  7 hobgoblins
  16 jackals
  10 quokkas
  6 ball pythons
  A frilled lizard (D:3)
  9 kobolds
  9 rats
199 creatures vanquished.

Vanquished Creatures (others)
  An orc wizard (D:8)
  5 fungi
6 creatures vanquished.

Grand Total: 205 creatures vanquished

Notes
Turn   | Place    | Note
-------+----------+-------------------------------------------
     0 | D:1      | st0uf the Draconian Gladiator began the quest for the Orb.
     0 | D:1      | Reached XP level 1. HP: 17/17 MP: 1/1
   242 | D:1      | Reached XP level 2. HP: 24/24 MP: 2/2
   541 | D:1      | Reached XP level 3. HP: 26/30 MP: 3/3
   624 | D:1      | Found a faded altar of an unknown god.
  1399 | D:2      | Reached skill level 4 in Staves
  1404 | D:2      | Reached XP level 4. HP: 14/37 MP: 4/4
  2143 | D:3      | Noticed Sigmund
  2360 | D:3      | Reached skill level 1 in Stealth
  2811 | D:3      | Reached XP level 5. HP: 39/44 MP: 5/5
  3131 | D:3      | Reached skill level 5 in Staves
  3665 | D:3      | HP: 2/45 [kobold/+0 short sword (5)]
  3666 | D:3      | Gained mutation: You occasionally shout uncontrollably at
                  | your foes. [potion of mutation]
  3666 | D:3      | Gained mutation: Your flesh is heat resistant. (rF+)
                  | [potion of mutation]
  3683 | D:3      | Reached XP level 6. HP: 43/51 MP: 6/6
  3933 | D:4      | Found a stormy altar of Qazlal.
  3933 | D:4      | Found a white marble altar of Elyvilon.
  4960 | D:4      | Found a runed translucent gate.
  4963 | D:4      | Found a runed translucent gate.
  4963 | D:4      | Found a runed translucent gate.
  4963 | D:4      | Noticed tilp's ghost (amateur DgIE)
  5151 | D:3      | Reached skill level 6 in Staves
  5151 | D:3      | Your scales start taking on a golden yellow colour.
  5151 | D:3      | Reached XP level 7. HP: 26/58 MP: 7/7
  5151 | D:3      | Gained mutation: You are resistant to acid. (rCorr) [Yellow
                  | Draconian growth]
  5877 | D:5      | Entered Level 5 of the Dungeon
  6273 | D:5      | Found a runed translucent door.
  6274 | D:5      | Noticed Crazy Yiuf
  6283 | D:5      | Killed Crazy Yiuf
  6329 | D:5      | Noticed Grinder
  6329 | D:5      | Noticed Menkaure
  6345 | D:5      | Killed Menkaure
  6349 | D:5      | Killed Grinder
  6350 | D:5      | Reached XP level 8. HP: 52/67 MP: 8/8
  6380 | D:5      | Noticed Pikel
  6404 | D:5      | Killed Pikel
  6405 | D:5      | Reached skill level 5 in Fighting
  6405 | D:5      | Reached skill level 7 in Staves
  6405 | D:5      | Reached skill level 5 in Dodging
  6766 | D:5      | Noticed Edmund
  6768 | D:5      | Identified the +1 robe "Ymuxzacoch" {rF+ Int+2 Stlth+}
  6817 | D:5      | Killed Edmund
  7003 | D:5      | Reached skill level 8 in Staves
  7003 | D:5      | Reached XP level 9. HP: 42/74 MP: 9/9
  7443 | D:6      | Found a broken altar of Ashenzari.
  8035 | D:6      | Learned a level 3 spell: Confusing Touch
  8036 | D:6      | Found an ornate altar of the Wu Jian Council.
  8152 | D:7      | Found a staircase to the Ecumenical Temple.
  8386 | Temple   | Entered the Ecumenical Temple
  8438 | Temple   | Became a worshipper of Warmaster Okawaru
  8704 | D:7      | Noticed Jessica
  8705 | D:7      | Noticed Ijyb
  8732 | D:7      | Reached skill level 1 in Spellcasting
  8775 | D:6      | Killed Ijyb
  8901 | D:7      | Reached skill level 1 in Hexes
  8905 | D:7      | Reached * piety under Okawaru
  8914 | D:7      | Reached skill level 9 in Staves
  8918 | D:7      | Killed Jessica
  8976 | D:7      | Reached ** piety under Okawaru
  8977 | D:7      | Reached XP level 10. HP: 45/84 MP: 13/13
  9740 | D:7      | Reached skill level 1 in Invocations
 10607 | D:8      | Noticed a deep elf pyromancer
 10630 | D:8      | Killed a deep elf pyromancer
 10631 | D:8      | Reached skill level 10 in Staves
 10643 | D:8      | Noticed a gargoyle
 11353 | D:8      | Found a basalt altar of Yredelemnul.
 11357 | D:8      | Found a sparkling altar of Nemelex Xobeh.
 11396 | D:8      | Paralysed by a hornet for 1 turns
 12058 | D:8      | Identified the +8 dagger "Vufuh" {freeze, rC- Dex+3}
 12097 | D:8      | Noticed a deep troll
 12362 | D:8      | Noticed a great orb of eyes
 12377 | D:8      | Blown up by a great orb of eyes (shapeshifter)

Illustrated notes

Levels and vault maps discovered:
D:1:      dpeg_arrival_erosion, layout_loops_cross,
          shapermc_ecumenical_altar_mp_highgroup
D:2:      layout_loops_ring
D:3:      layout_basic, minmay_misc_feat_cross, uniq_sigmund
D:4:      layout_cave_pods, chequers_temple_overflow_statue_of_worship,
          gammafunk_ghost_nasty_kobolds, minmay_fractal_squares_5
D:5:      layout_rooms, serial_glass, glass_columns_b, glass_columns_b,
          uniq_edmund, uniq_grinder, uniq_menkaure, uniq_pikel,
          uniq_crazy_yiuf_cottage
D:6:      layout_rooms, old_standard_altar, kennysheep_mini_moat
D:7:      erik_cavepeople, layout_basic, minmay_temple_entry_wispy,
          kennysheep_doodads
D:8:      minmay_the_grid_octo_tiled_squarecenter
          [minmay_the_grid_octo_clover_2, minmay_the_grid_octo_pinwheel,
          minmay_the_grid_octo_clover, minmay_the_grid_octo_fan_narrow,
          minmay_the_grid_square_5x5_megaprize_diamond,
          minmay_the_grid_square_5x5_fancy_junction,
          minmay_the_grid_square_5x5_two_walls_b,
          minmay_the_grid_square_5x5_beaten_path,
          minmay_the_grid_square_5x5_sharp_hourglass], layout_basic,
          grunt_temple_overflow_open, minmay_misc_feat_chi,
          minmay_misc_feat_tiny, dk_noncrumbling_3, fungi_pond_lemuel
Temple:   regret_index_temple_generic_petals

Skill      XL: |  1  2  3  4  5  6  7  8  9 10 |
---------------+-------------------------------+-----
Dodging        | 3 4 5 6 7 |  7.0
Staves         | 4 5 6 8 9 10 | 10.3
Stealth        | 1 2 3 |  3.9
Fighting       | 3 4 5 6 7 |  7.0
Throwing       | 2 3 4 |  4.7
Spellcasting   | 2 3 |  3.8
Hexes          | 2 3 |  3.0
Invocations    | 3 |  3.0

Action                   |  1- 3 |  4- 6 |  7- 9 | 10-12 || total
-------------------------+-------+-------+-------+-------++-------
Melee: Quarterstaff      |    99 |   191 |   255 |   245 ||   790
       Tailslap          |     8 |    21 |    48 |    47 ||   124
       Trident           |       |       |       |    11 ||    11
Throw: Dart              |       |    29 |    21 |     4 ||    54
 Cast: Confusing Touch   |       |       |       |     7 ||     7
Invok: Heroism           |       |       |       |     4 ||     4
 Abil: Breathe Acid      |       |       |    28 |    14 ||    42
  Use: Potion            |       |     6 |     1 |       ||     7
 Stab: Sleeping          |     2 |     1 |       |       ||     3
       Confused          |       |       |       |     7 ||     7
       Distracted        |       |       |       |     2 ||     2
Armor: Skin              |    22 |    89 |    85 |    81 ||   277
Dodge: Dodged            |    60 |   169 |   140 |   168 ||   537

Table legend: (Time is in decaauts)
 A = Elapsed time spent in this place.
 B = Non-inter-level travel time spent in this place.
 C = Inter-level travel time spent in this place.
 D = Time resting spent in this place.
 E = Time spent auto-exploring this place.
 F = Levels seen in this place.
 G = Mean time per level.
                   A        B        C        D        E       F      G
               +--------+--------+--------+--------+--------+-----+--------+
         Total |  12344 |  11779 |    565 |   3387 |   5914 |   9 | 1371.6 |
       Dungeon |  12065 |  11550 |    515 |   3387 |   5691 |   8 | 1508.1 |
        Temple |    278 |    228 |     50 |      0 |    223 |   1 |  278.0 |
               +--------+--------+--------+--------+--------+-----+--------+

Top non-repeatable levels by time:
     D:7: 2414 daAuts
     D:3: 2090 daAuts
     D:2: 1500 daAuts
     D:4: 1432 daAuts
     D:5: 1385 daAuts
     D:6: 1351 daAuts
     D:1: 989 daAuts
     D:8: 901 daAuts
  Temple: 278 daAuts
